 Dungeon Crawl Stone Soup version 0.32-a0-886-g41c5271027 (webtiles) character file.

Game seed: 3637867059661396946

1566 Autsider the Trooper (level 8, 0/83 HPs)
             Began as an Oni Hedge Wizard on Apr 2, 2024.
             Was a Believer of Vehumet.
             Succumbed to a killer bee's poison
             ... on level 7 of the Dungeon.
             The game lasted 00:22:35 (7868 turns).

Autsider the Trooper (Oni Hedge Wizard)             Turns: 7868, Time: 00:22:35

Health: 0/83       AC:  3    Str: 15    XL:     8   Next: 90%
Magic:  11/15      EV:  8    Int: 23    God:    Vehumet [**....]
Gold:   387        SH:  0    Dex:  8    Spells: 6/17 levels left

rFire   . . .        o - +1 giant spiked club
rCold   . . .        (shield currently unavailable)
rNeg    . . .        (body armour restricted)
rPois   .            c - +1 hat
rElec   .            h - +0 cloak
rCorr   .            (gloves unavailable)
SInv    .            (boots unavailable)
Will    .....        (no amulet)
Stlth   +            x - +6 ring of intelligence
HPRegen 0.33/turn    r - ring of wizardry
MPRegen 0.14/turn

%: wizardry (x1)
@: lethally poisoned (0 -> -7)
A: large, unfitting armour, horns 1, tough skin 1, double potion healing,
drunken brawling
a: Renounce Religion


You were on level 7 of the Dungeon.
You worshipped Vehumet.
Vehumet was pleased with you.
You visited 1 branch of the dungeon, and saw 7 of its levels.

You collected 387 gold pieces.

Inventory:

Hand Weapons
 o - a +1 giant spiked club (weapon)
 q - the +1 hand axe of the Lost Continents {freeze, rC+}
   (You found it on level 3 of the Dungeon)

   rC+:       It protects you from cold.
 v - a +0 giant club
Missiles
 k - a throwing net
Armour
 c - a +1 hat (worn)
 h - a +0 cloak (worn)
Jewellery
 e - an amulet of reflection
 f - a ring of flight
 j - a ring of protection from fire
 r - a ring of wizardry (right hand)
 s - a +5 ring of evasion
 x - a +6 ring of intelligence (left hand)
Wands
 w - a wand of roots (9)
Scrolls
 g - a scroll of identify
 i - 2 scrolls of teleportation
 n - a scroll of summoning
 p - a scroll of fog
Potions
 a - 2 potions of might
 b - a potion of curing
 l - 2 potions of enlightenment
 m - 3 potions of attraction
 t - 2 potions of lignification


   Skills:
 + Level 5.9 Fighting
 + Level 4.3 Maces & Flails
 - Level 1.7 Dodging
 - Level 1.4 Stealth
 + Level 5.2 Spellcasting
 + Level 4.1 Conjurations
 - Level 3.0 Summonings
 - Level 2.0 Translocations
 + Level 2.9 Air Magic
 + Level 2.9 Alchemy


You had 6 spell levels left.
You knew the following spells:

 Your Spells              Type           Power      Damage    Failure   Level
a - Magic Dart            Conj           100%       1d8       1%          1
w - Mephitic Cloud        Conj/Alch/Air  21%        N/A       2%          3
z - Blink                 Tloc           30%        N/A       2%          2
A - Call Imp              Summ           38%        N/A       1%          2
B - Summon Ice Beast      Ice/Summ       12%        N/A       6%          3

Your spell library contained the following spells:

 Spells                   Type           Power      Damage    Failure   Level
 Sandblast                Erth           12%        2d6       4%          1
 Cigotuvi's Dreadful Rot  Necr/Alch/Air  30%        N/A       2%          2
 Slow                     Hex            24%        N/A       4%          1
 Fugue of the Fallen      Necr           6%         N/A       12%         3
 Ozocubu's Armour         Ice            6%         N/A       12%         3
 Summon Mana Viper        Hex/Summ       12%        N/A       45%         5
 Manifold Assault         Tloc           7%         N/A       100%        7
 Monstrous Menagerie      Summ           9%         N/A       100%        7


Dungeon Overview and Level Annotations

Branches:
Dungeon (7/15)
 Temple: D:4-7

Altars:
Cheibriados
Makhleb
Uskayaw
Vehumet
Yredelemnul
Zin
The Shining One

Shops:
D:5 [

Annotations:
D:3 exclusion: 2 downstairs


Innate Abilities, Weirdness & Mutations

You are too large for most types of armour.
You have a pair of small horns on your head.
You have tough skin. (AC +1)
You gain doubled healing and magic from potions.
Whenever you drink a healing potion, you attack all around you.


Message History

You are lethally poisoned!
The killer bee poisons you! The killer bee closely misses you.
The killer bee completely misses the killer bee.
The killer bee stings itself.
You take a swig of the potion and twirl your +1 giant spiked club.
You miss the killer bee. Your headbutt misses the killer bee.
You savour every drop.
You feel better. The killer bee stings you.
* * * LOW HITPOINT WARNING * * *
The killer bee stings you.
* * * LOW HITPOINT WARNING * * *
You take a swig of the potion and twirl your +1 giant spiked club.
You miss the killer bee. Magic courses through your body.
The killer bee misses you.
The killer bee stings you but does no damage.
The killer bee stings itself.
You take a swig of the potion and twirl your +1 giant spiked club.
You puncture the killer bee!
The killer bee is almost dead.
You savour every drop.
You feel better. The killer bee stings you!
* * * LOW HITPOINT WARNING * * *
You are poisoned.
The killer bee poisons you!
The killer bee misses the hornet.
The killer bee stings you.
* * * LOW HITPOINT WARNING * * *
The killer bee completely misses the hornet.
The killer bee stings itself.
The killer bee is killed!
Vehumet accepts your kill.
Casting: Magic Dart (safe; 1% risk of failure)
Confirm with . or Enter, or press ? or * to list all spells.
A chill wind blows around you.
You feel very sick. The killer bee stings you.
* * * LOW HITPOINT WARNING * * *
The killer bee stings you!
* * * LOW HITPOINT WARNING * * *
Casting: Summon Ice Beast (dangerous; 6% risk of failure)
Confirm with . or Enter, or press ? or * to list all spells.
A tiny devil pulls itself out of the air.
You die...

######################
......5@yy...........#
#########Y##########.#
#.# #.# #.# #.# ...
#.# .#. #y# ## .# #y#
## #y# #.#


You could see a hornet (ally target), a killer bee (ally target), a friendly ice
beast (summoned) and a friendly cerulean imp (summoned).

Vanquished Creatures
  Eustachio (D:4)
  A sky beast (D:6)
  An ogre (D:4)
  A centaur (D:5)
  2 bullfrogs
  2 scorpions (D:5)
  4 wights (D:6)
  3 killer bees (D:7)
  A jelly (D:6)
  A bombardier beetle (D:6)
  A hound (D:4)
  4 iguanas
  Ijyb (D:4)
  3 gnolls (D:4)
  7 adders
  A white imp (D:6)
  2 dart slugs
  2 orcs
  5 endoplasms
  2 giant cockroaches
  17 goblins
  8 hobgoblins
  7 jackals
  4 ball pythons
  4 bats
  2 frilled lizards
  10 kobolds
  4 rats
101 creatures vanquished.

Vanquished Creatures (collateral kills)
  A bullfrog (D:4)
  2 killer bees (D:7)
  Robin (D:4)
  An adder (D:3)
  A ribbon worm (D:3)
  A ball python (D:3)
7 creatures vanquished.

Grand Total: 108 creatures vanquished

Notes
Turn   | Place    | Note
-------+----------+-------------------------------------------
     0 | D:1      | Autsider the Oni Hedge Wizard began the quest for the Orb.
     0 | D:1      | Reached XP level 1. HP: 16/16 MP: 5/5
    52 | D:1      | Reached skill level 1 in Conjurations
   100 | D:1      | Reached skill level 1 in Summonings
   265 | D:1      | Reached XP level 2. HP: 24/24 MP: 1/6
   268 | D:1      | Learned a level 2 spell: Call Imp
   971 | D:2      | Learned a level 2 spell: Blink
  1100 | D:2      | Reached skill level 1 in Translocations
  1216 | D:2      | Reached XP level 3. HP: 31/31 MP: 6/8
  2355 | D:3      | Learned a level 3 spell: Mephitic Cloud
  2440 | D:3      | Found a radiant altar of Vehumet.
  2446 | D:3      | Reached XP level 4. HP: 39/39 MP: 6/10
  2569 | D:3      | Found a basalt altar of Yredelemnul.
  2833 | D:3      | Identified the +1 hand axe of the Lost Continents {freeze,
                  | rC+}
  3408 | D:3      | Became a worshipper of Vehumet
  3427 | D:4      | Noticed an ogre
  3595 | D:4      | Reached XP level 5. HP: 46/46 MP: 6/11
  3639 | D:4      | Found a glowing golden altar of the Shining One.
  3647 | D:4      | Found a hide-covered altar of Uskayaw.
  3683 | D:4      | Reached skill level 1 in Fighting
  3683 | D:4      | Reached skill level 1 in Maces & Flails
  3864 | D:4      | Reached XP level 6. HP: 41/57 MP: 4/12
  4042 | D:4      | Noticed Ijyb
  4240 | D:4      | Noticed Robin
  4309 | D:4      | Reached * piety under Vehumet
  4309 | D:4      | Offered knowledge of Foxfire by Vehumet.
  4341 | D:4      | Killed Robin
  4667 | D:4      | Killed Ijyb
  4668 | D:4      | Reached skill level 5 in Spellcasting
  4972 | D:4      | Noticed Eustachio
  5154 | D:4      | Killed Eustachio
  5155 | D:4      | Reached XP level 7. HP: 43/67 MP: 11/14
  5287 | D:5      | Entered Level 5 of the Dungeon
  5373 | D:5      | Found Iskoxtatinno's Armour Shoppe.
  5392 | D:5      | Reached skill level 1 in Air Magic
  5394 | D:5      | Reached skill level 1 in Alchemy
  5604 | D:5      | Found a glowing silver altar of Zin.
  5604 | D:5      | Found a burning altar of Makhleb.
  5692 | D:5      | Reached XP level 8. HP: 79/79 MP: 8/15
  6469 | D:6      | Offered knowledge of Sandblast by Vehumet.
  6627 | D:6      | Found a snail-covered altar of Cheibriados.
  6636 | D:6      | Reached skill level 5 in Fighting
  7074 | D:6      | Learned a level 3 spell: Summon Ice Beast
  7833 | D:7      | Noticed a hornet
  7845 | D:7      | Reached ** piety under Vehumet
  7867 | D:7      | HP: 2/83 [killer bee (9)]
  7868 | D:7      | Succumbed to a killer bee's poison

Illustrated notes

Levels and vault maps discovered:
D:1:      minmay_arrival_cross, layout_rooms
D:2:      layout_basic, corexii_shack
D:3:      layout_loops_cross, lemuel_tele_altar, yredelemnul_altar_generic,
          chequers_serial_rivers_large_a
D:4:      layout_loops_ring, mainiacjoe_overflow_large_starburst,
          serial_library, serial_library_hellmonk_hallway_a,
          serial_library_hellmonk_reading_circle,
          serial_library_hellmonk_room_a, serial_library_hellmonk_angled_corner,
          uniq_robin, uniq_eustachio, uniq_ijyb
D:5:      layout_cave_pools, grunt_temple_overflow_order_and_chaos_2,
          serial_shops, nicolae_square_shop
D:6:      layout_basic, slow_altar_2, lemuel_flamethrower_2
D:7:      minmay_slanted_spiral_squares, layout_loops_ring,
          minmay_temple_entry_waves, serial_shops, nicolae_take_the_stairs

Skill      XL: |  1  2  3  4  5  6  7  8 |
---------------+-------------------------+-----
Conjurations   | 1 2 3 4 |  4.1
Summonings     | 1 2 3 |  3.0
Spellcasting   | 4 5 |  5.2
Translocations | 1 2 |  2.0
Fighting       | 2 3 4 5 |  5.9
Maces & Flails | 1 2 3 4 |  4.3
Air Magic      | 1 2 |  2.9
Alchemy        | 1 2 |  2.9
Dodging        | |  1.7
Stealth        | |  1.4

Action                     |  1- 3 |  4- 6 |  7- 9 || total
---------------------------+-------+-------+-------++-------
  Melee: Unarmed           |     7 |       |       ||     7
         Headbutt          |     2 |     9 |     5 ||    16
         Club              |     1 |       |       ||     1
         Giant spiked club |       |    71 |    30 ||   101
   Cast: Magic Dart        |   103 |    92 |    69 ||   264
         Call Imp          |     2 |     8 |    10 ||    20
         Mephitic Cloud    |       |     5 |    10 ||    15
         Summon Ice Beast  |       |       |    12 ||    12
    Use: Scroll            |       |       |    15 ||    15
         Potion            |       |       |     4 ||     4
   Stab: Confused          |       |     2 |     2 ||     4
         Distracted        |       |     1 |       ||     1
 Armour: Skin              |    14 |    83 |    53 ||   150
  Dodge: Dodged            |     8 |    93 |    33 ||   134

Table legend: (Time is in decaauts)
 A = Elapsed time spent in this place.
 B = Non-inter-level travel time spent in this place.
 C = Inter-level travel time spent in this place.
 D = Time resting spent in this place.
 E = Time spent auto-exploring this place.
 F = Levels seen in this place.
 G = Mean time per level.
                   A        B        C        D        E       F      G
               +--------+--------+--------+--------+--------+-----+--------+
         Total |   7938 |   7615 |    323 |    514 |   5775 |   7 | 1134.0 |
       Dungeon |   7938 |   7615 |    323 |    514 |   5775 |   7 | 1134.0 |
               +--------+--------+--------+--------+--------+-----+--------+

Top non-repeatable levels by time:
     D:4: 1803 daAuts
     D:6: 1671 daAuts
     D:2: 1432 daAuts
     D:3: 1187 daAuts
     D:1: 916 daAuts
     D:5: 787 daAuts
     D:7: 139 daAuts
